 Dungeon Crawl Stone Soup version 0.31-a0-117-g42d8f58691 (webtiles) character file.

Game seed: 1835602215258039863

121027 MackTheKnife the Severer (level 16, -10/155 HPs)
             Began as a Minotaur Berserker on May 30, 2023.
             Was an Elder of Trog.
             Succumbed to a redback's poison
             ... on level 2 of the Lair of Beasts.
             The game lasted 00:45:52 (11095 turns).

MackTheKnife the Severer (Minotaur Berserker)      Turns: 11095, Time: 00:45:54

Health: -10/155    AC: 32    Str: 24      XL:     16   Next: 1%
Magic:  1/15       EV: 14    Int:  9 (10) God:    Trog [****..]
Gold:   67         SH:  8    Dex: 22      Spells: 15/15 levels left

rFire   . . .        c - +3 executioner's axe (heavy) {axerare=g}
rCold   + . .        (shield currently unavailable)
rNeg    . . .        y - +10 plate armour "Vilanyl" {+Inv}
rPois   .            (helmet restricted)
rElec   .            W - +2 cloak of the Thief {*Fog Slay-2 SInv Stlth+}
rCorr   .            (no gloves)
SInv    +            t - +2 pair of boots
Will    +....        n - brooch of Shielding {Spirit SH+8} Stlth
                     U - ring of flight
HPRegen 0.45/turn    w - ring "Mufrueny" {rC+ Int+6 Dex+6}
MPRegen 0.14/turn

%: guardian spirit
@: lethally poisoned (-10 -> -35), on berserk cooldown, flying, slowed, studying
2 skills, very slow
A: horns 2, retaliatory headbutt
}: 1/15 runes: barnacled
a: Renounce Religion, Evoke Invisibility, Berserk, Trog's Hand, Brothers in Arms


You were on level 2 of the Lair of Beasts.
You worshipped Trog.
Trog was greatly pleased with you.
You visited 5 branches of the dungeon, and saw 23 of its levels.
You also visited: Sewer, Gauntlet and Ice Cave.

You collected 1918 gold pieces.
You spent 1851 gold pieces at shops.


Innate Abilities, Weirdness & Mutations

You have a pair of horns on your head.
You reflexively headbutt those who attack you in melee.


   Skills:
 + Level 17.4 Fighting
 + Level 19.5(21.3) Axes
 - Level 14.8(19.1) Maces & Flails
 - Level 12.0 Armour
 - Level 11.0 Dodging
 - Level 7.7 Shields


You had 15 spell levels left.
You didn't know any spells.
Your spell library was empty.

Inventory:

Hand Weapons
 c - a +3 heavy executioner's axe (weapon) {axerare=g}
   (You found it in an ice cave)
 N - a +5 antimagic demon whip {mace}
   (Trog gifted it to you on level 10 of the Dungeon)
Missiles
 s - a curare-tipped dart (quivered) {=fthrowing}
Armour
 e - a +2 tower shield of reflection
   (You found it in a Gauntlet)
 t - a +2 pair of boots (worn)
   (You found it on level 9 of the Dungeon)
 y - the +10 plate armour "Vilanyl" (worn) {+Inv}
   (You bought it in a shop on level 2 of the Orcish Mines)

   +Inv:      It lets you turn invisible.
 A - +2 fire dragon scales
   (You found it on level 12 of the Dungeon)
 W - the +2 cloak of the Thief (worn) {*Fog Slay-2 SInv Stlth+}
   (You found it in a Gauntlet)

   *Fog:      It may release a thick cloud of smoke when the wearer is hurt.
   Slay:      It affects your accuracy & damage with ranged weapons and melee
   (-2).
   SInv:      It lets you see invisible.
   Stlth:     It makes you more stealthy.
Jewellery
 b - a +4 ring of slaying
   (You took it off a deep elf pyromancer on level 12 of the Dungeon)
 n - the brooch of Shielding (around neck) {Spirit SH+8}
   (You bought it in a shop on level 10 of the Dungeon)

   [amulet of guardian spirit]

   It causes incoming damage to be divided between your reserves of health and
   magic.
   SH:        It affects your SH (+8).
 o - a +4 ring of protection
   (You found it on level 8 of the Dungeon)
 u - a ring of fire
   (You found it on level 9 of the Dungeon)
 w - the ring "Mufrueny" (right hand) {rC+ Int+6 Dex+6}
   (You found it in an ice cave)

   [ring of dexterity]

   Int:       It affects your intelligence (+6).
   Dex:       It affects your dexterity (+6).
   rC:        It protects you from cold.
 x - a ring of willpower
   (You found it on level 9 of the Dungeon)
 U - a ring of flight (left hand)
   (You found it in a Gauntlet)
Wands
 d - a wand of paralysis (17)
   (You found it on level 9 of the Dungeon)
 h - a wand of iceblast (20)
   (You found it on level 5 of the Lair of Beasts)
 j - a wand of polymorph (7)
   (You found it on level 1 of the Shoals)
 k - a wand of mindburst (19)
   (You found it on level 5 of the Dungeon)
 r - a wand of flame (2)
   (You found it on level 3 of the Shoals)
Scrolls
 z - 2 scrolls of fog
 B - a scroll of magic mapping {!r}
 D - a scroll of teleportation {@r4}
 G - 3 scrolls of poison {!r}
 O - a scroll of immolation {!r!r}
 P - a scroll of amnesia
 Q - 3 scrolls of vulnerability {!r!r}
 R - a scroll of torment {!r}
Potions
 a - 2 potions of degeneration {!q@e2}
 f - 2 potions of might
 g - 4 potions of lignification {!q}
 i - 3 potions of ambrosia
 l - 2 potions of attraction {!q}
 m - 4 potions of enlightenment
 q - 7 potions of curing {@q1}
 C - a potion of berserk rage {!q}
 H - 2 potions of brilliance {unknown}
 I - a potion of mutation {unknown}
 S - a potion of resistance
 T - 2 potions of magic {unknown}
Miscellaneous
 v - a phantom mirror
   (You found it on level 9 of the Dungeon)
 V - a box of beasts (inert)
   (You found it in a Gauntlet)

Dungeon Overview and Level Annotations

Branches:
Dungeon (12/15) Zot: 25545    Lair (5/5) D:10 Zot: 25218  Shoals (4/4) Lair:2 Zot: 22841
 Spider (1/4) Lair:2 Zot: 5953   Slime (0/5) Lair:5          Orc (2/2) D:12 Zot: 11287
    Elf (0/3) Orc:2         Sewer (visited)           IceCv (visited)
Gauntlet (visited)
 Temple: D:4-7

Altars:
Fedhas
Makhleb
Okawaru
Trog
Vehumet

Shops:
D:9 *   D:10 =?! Orc:2

::[
**##.....#**#...##*,,**
*^#.#...#.#**.....,,,..
*#.#.#.###.#*.....,,,..
##^#^#.#,#.#,....,,...
#.#.#^##*,##,,,,,,,...
##.###.#****,,,,,,,,..
*#.###†##*,**,,,,,,,,..
#^#.#...#.#,*,,,,*,,,**
*##,#^.@.^#***,,,,,**,,*
*,**##s.s##**,,,,,,*,,,*
**,**#≈≈≈#*,,,,,,,**,,,*
*,,*.s(..,,*,,,,,,,,,,,
*,,.##...P,*,,,,,,,,,,*
*,#.,.##..P**,,,,,,,,,,
*,.,,.,,....,,,,,,****,
*..,,.,,.....,,,,**,***
*,,,,,,,,,,,,,,,,,,,,,,


You could see an emperor scorpion, a jumping spider and a redback.


Message History

The redback bites you but does no damage.
The redback completely misses you.
The jumping spider leaps!
You block the redback's attack. The redback bites you!
The broodmother summons spiders!
An emperor scorpion comes into view.
You block the redback's attack. 😮 HP[-6]
You take 6 damage, and now have 93/155 hp.
Unknown command.
You hit the redback but do no damage.
You open the redback like a pillowcase!!!
You kill the redback!
Trog accepts your kill.
You closely miss the redback.
The redback bites you but does no damage.
You block the redback's attack. x2
The redback bites you but does no damage.
The tarantella misses you.
The jumping spider leaps!
The broodmother summons a spider!
The redback bites you. You block the redback's attack.
The jumping spider leaps!
The tarantella touches you but does no damage.
Unknown command. 😮 HP[-2]
You take 2 damage, and now have 91/155 hp.
You miss the redback. You chop the tarantella into pieces!!!
You kill the tarantella!
Trog accepts your kill.
You slice the redback!!
You kill the redback!
Trog accepts your kill.
You hear a faint skittering sound.
The redback bites you but does no damage.
A jumping spider comes into view.
The jumping spider leaps!
The redback bites you but does no damage.
The jumping spider leaps!
The redback bites you.
You are poisoned.
The redback poisons you!
The jumping spider leaps!
A jumping spider comes into view.
A redback comes into view. 😮 HP[-6] MP[+1]
You take 6 damage, and now have 85/155 hp.
The redback attacks as you move away! You block the redback's attack.
With a swish of your cloak, you release a cloud of fog.
You feel extremely sick.
You block the redback's attack. 😨 HP[-15]
You take 15 damage, and now have 70/155 hp.
Unknown command.
The redback attacks as you move away! You block the redback's attack.
You feel extremely sick.
The jumping spider leaps!
You block the redback's attack. The jumping spider barely misses you.
The jumping spider closely misses you.
The redback bites you but does no damage. 😨 HP[-10]
You take 10 damage, and now have 60/155 hp.
Unknown command.
You feel extremely sick.
The jumping spider leaps!
The tarantella touches you.
* * * LOW HITPOINT WARNING * * *
The jumping spider leaps!
Unknown command. 😨 HP[-9]
You take 9 damage, and now have 51/155 hp.
You feel very sick. The redback barely misses you. You furiously retaliate!
You headbutt the redback. The redback bites you.
* * * LOW HITPOINT WARNING * * *
You are lethally poisoned!
The redback poisons you!
The jumping spider leaps! 😨 HP[-8] MP[-1]
You take 8 damage, and now have 43/155 hp.
You lost 1 mp, and now have 4/15 mp.
The redback attacks as you move away!
The redback bites you but does no damage.
The redback attacks as you move away! The redback bites you.
* * * LOW HITPOINT WARNING * * *
x2 With a swish of your cloak, you release a cloud of fog.
You feel extremely sick. The redback barely misses you.
You block the emperor scorpion's attack. x3
The redback bites you.
* * * LOW HITPOINT WARNING * * *
There is a crawl-hole back to the Lair here.
You see here a tarantella corpse.
* * * LOW HITPOINT WARNING * * *
You feel extremely sick. You block the redback's attack.
The redback bites you but does no damage.
The emperor scorpion stings you!
* * * LOW HITPOINT WARNING * * *
The emperor scorpion completely misses you.
The emperor scorpion claws you but does no damage.
The redback closely misses you.
The redback bites you but does no damage.
The emperor scorpion stings you but does no damage.
The emperor scorpion claws you but does no damage. x2
The broodmother closely misses you. You furiously retaliate!
You headbutt the broodmother.
You fly upwards.
Welcome back to the Lair of Beasts!
You die...

Skill      XL: |  1  2  3  4  5  6  7  8  9 10 11 12 13 14 15 |
---------------+----------------------------------------------+-----
Fighting       | 4 5 6 7 9 10 11 13 14 17 | 17.4
Axes           | 4 5 6 10 17 19 | 19.5
Maces & Flails | 3 7 9 10 11 13 14 | 14.8
Shields        | 3 6 7 |  7.7
Armour         | 6 10 12 | 12.0
Dodging        | 5 9 11 | 11.0

Action                     |  1- 3 |  4- 6 |  7- 9 | 10-12 | 13-15 | 16-18 || total
---------------------------+-------+-------+-------+-------+-------+-------++-------
  Melee: Hand axe          |    48 |    72 |       |       |       |       ||   120
         Headbutt          |     5 |    18 |    12 |    76 |   222 |     1 ||   334
         Flail             |       |    29 |    70 |   342 |   136 |       ||   577
         Executioner's axe |       |       |       |       |   769 |     5 ||   774
         Demon whip        |       |       |       |       |    11 |       ||    11
         Punch             |       |       |       |       |     1 |       ||     1
  Throw: Dart              |       |       |     1 |       |       |       ||     1
 Invoke: Berserk           |     1 |     3 |     1 |     7 |     7 |       ||    19
         Trog's Hand       |       |       |       |     3 |    26 |       ||    29
         Brothers in Arms  |       |       |       |       |     2 |       ||     2
  Evoke: Wand              |       |     1 |    13 |    17 |    15 |       ||    46
         Phantom mirror    |       |       |       |     2 |     1 |       ||     3
         Box of beasts     |       |       |       |       |     1 |       ||     1
    Use: Scroll            |       |     4 |     2 |     6 |    26 |       ||    38
         Potion            |       |       |       |     4 |     7 |       ||    11
   Stab: Paralysed         |       |       |     4 |     1 |     3 |       ||     8
         Distracted        |       |       |       |       |     1 |       ||     1
 Armour: Animal skin       |    15 |       |       |       |       |       ||    15
         Scale mail        |    11 |    33 |    40 |       |       |       ||    84
         Acid dragon scale |       |       |    17 |   137 |   168 |       ||   322
         Fire dragon scale |       |       |       |       |    53 |       ||    53
         Ring mail         |       |       |       |       |    17 |       ||    17
         Plate armour      |       |       |       |       |   160 |    16 ||   176
  Dodge: Dodged            |    38 |    45 |    70 |   255 |   669 |    10 ||  1087
  Block: Buckler           |       |       |     6 |   112 |    25 |       ||   143
         Other             |       |       |       |       |   299 |    16 ||   315

Levels and vault maps discovered:
D:1:      nzn_arrival_water_spiral, layout_basic
D:2:      layout_basic
D:3:      layout_loops_corners, yredelemnul_forgotten_temple_becter,
          serial_shops, nicolae_shop_tiny_glass, dilly_guarded_unrand_throatcut,
          uniq_natasha
D:4:      layout_basic, kennysheep_mini_moat,
          nicolae_ru_great_annihilating_truth, kennysheep_vampire_church,
          minmay_temple_entry_slanted, portal_sewer_entry_b
D:5:      minmay_opposing_rooms, layout_basic, okawaru_trees_2,
          minmay_misc_feat_four_crosses
D:6:      layout_cave_pods, nicolae_overflow_two_pavilions,
          mainiacjoe_overflow_large_starburst, grunt_decor_cap,
          hellmonk_bongcloud_opening
D:8:      layout_loops_ring, marbit_many_paths,
          mainiacjoe_overflow_tiny_flanked, minivault_14,
          dreamdust_deal_with_the_devil, grunt_ministairs_7
D:9:      layout_layer_cave, nicolae_take_the_stairs,
          chequers_serial_rivers_micro_b
D:10:     layout_irregular_city, minmay_lair_entry_lava, serial_shops,
          nicolae_shop_tiny_statue_garden, nicolae_shop_rolling_square,
          nicolae_shop_waterfront, serial_column_ruins,
          column_ruins_temple_hall, column_ruins_circle_medium,
          column_ruins_columns_corner, column_ruins_grid_2, column_ruins_grid_3,
          column_ruins_columns_plus, column_ruins_columns_straight,
          column_ruins_open_large, grunt_potential
D:11:     layout_loops_corners, portal_ice_cave_entry_pillars_1,
          hangedman_decor_lopped, minmay_strange_pillars
D:12:     minmay_the_grid_square_5x5_5x5_mashed
          [minmay_the_grid_square_5x5_shuriken,
          minmay_the_grid_square_5x5_three_walls,
          minmay_the_grid_square_5x5_bite,
          minmay_the_grid_square_5x5_fancy_junction,
          minmay_the_grid_square_5x5_bracketed,
          minmay_the_grid_square_5x5_hourglass,
          minmay_the_grid_square_5x5_prize_snowflake,
          minmay_the_grid_square_5x5_two_small,
          minmay_the_grid_square_5x5_prize_monsterx,
          minmay_the_grid_square_5x5_almost_minimal,
          minmay_the_grid_square_5x5_minimal, minmay_the_grid_square_5x5_forky,
          minmay_the_grid_square_5x5_prize_open,
          minmay_the_grid_square_5x5_gyroscope, minmay_the_grid_square_5x5_plus,
          minmay_the_grid_square_5x5_inner_z,
          minmay_the_grid_square_5x5_prize_junk,
          minmay_the_grid_square_5x5_half_checkered,
          minmay_the_grid_square_5x5_prize_waves, minmay_the_grid_square_5x5_n,
          minmay_the_grid_square_5x5_inset,
          minmay_the_grid_square_5x5_checkered_sparse,
          minmay_the_grid_square_5x5_n_small,
          minmay_the_grid_square_5x5_inner_i, minmay_the_grid_square_5x5_three],
          layout_irregular_city, erik_orc_1, hangedman_feature_mirror,
          uniq_fannar, uniq_kirke
Lair:1:   layout_gridlike, chequers_serial_rivers_room_a
Lair:2:   lemuel_reptile_caves, layout_regular_city, shoals_dummy_entry,
          nicolae_spider_entry_tight_spaces
Lair:3:   layout_hall_layers, minmay_shattered_shrine, lemuel_fruit_tree
Lair:4:   layout_gridlike, lemuel_centaur_altar
Lair:5:   evilmike_catoblepas_cave, layout_misc_corridors,
          minmay_slime_entry_pillars, evilmike_ambush
          [evilmike_ambush_outer_basic, evilmike_ambush_inner_basic]
Shoals:1: layout_shoals, serial_shops,
          nicolae_shop_temple_entry_statues_fountains
Shoals:2: layout_shoals, serial_shops, shop
Shoals:3: layout_shoals, hangedman_shoal_volcano
Shoals:4: shoals_end_hellmonk_lost_city
Spider:1: layout_spider_delve, uniq_azrael
Orc:1:    layout_caves
Orc:2:    st_orc_pillars, layout_diamond_mine, gauntlet_entry_generic,
          uniq_erolcha

Notes
Turn   | Place    | Note
-------+----------+-------------------------------------------
     0 | D:1      | MackTheKnife the Minotaur Berserker began the quest for the
                  | Orb.
     0 | D:1      | Reached XP level 1. HP: 19/19 MP: 0/0
     0 | D:1      | magus.rc [v1.9.6]
   140 | D:1      | Reached skill level 4 in Fighting
   140 | D:1      | Reached skill level 4 in Axes
   155 | D:2      | Reached XP level 2. HP: 19/27 MP: 1/1
   283 | D:3      | Noticed Natasha
   288 | D:3      | Reached XP level 3. HP: 34/34 MP: 2/2
   293 | D:3      | HP: 8/34 [Natasha (5)]
   295 | D:3      | Killed Natasha
   305 | D:3      | HP: 8/35 [constriction (1)]
   368 | D:3      | Reached XP level 4. HP: 18/41 MP: 3/3
   399 | D:4      | Noticed a scorpion
   405 | D:4      | Killed a scorpion
   406 | D:4      | Reached skill level 5 in Fighting
   406 | D:4      | Reached skill level 5 in Axes
   458 | D:4      | Reached XP level 5. HP: 32/48 MP: 4/4
   459 | D:4      | Found a glowing drain.
   473 | Sewer    | Entered a sewer
   502 | Sewer    | Noticed Pargi
   508 | Sewer    | Killed Pargi
   509 | Sewer    | Reached skill level 6 in Fighting
   509 | Sewer    | Reached skill level 6 in Axes
   552 | Sewer    | Identified a scroll of acquirement
   553 | Sewer    | Acquired an amulet of regeneration
   604 | D:5      | Entered Level 5 of the Dungeon
   611 | D:5      | Found an iron altar of Okawaru.
   625 | D:5      | Reached ** piety under Trog
   626 | D:5      | Reached XP level 6. HP: 55/57 MP: 5/5
   719 | D:5      | HP: 14/58 [orc priest/+1 heavy flail (12)]
   770 | D:5      | Reached skill level 1 in Maces & Flails
   800 | D:6      | You fall into a shaft and drop 2 floors!
   863 | D:8      | Reached skill level 2 in Maces & Flails
   878 | D:8      | Noticed a two-headed ogre
   894 | D:8      | Reached skill level 3 in Maces & Flails
   946 | D:8      | Reached XP level 7. HP: 64/64 MP: 6/6
   949 | D:8      | Reached skill level 4 in Maces & Flails
  1007 | D:8      | Reached skill level 5 in Maces & Flails
  1012 | D:8      | Found a burning altar of Makhleb.
  1058 | D:8      | Identified a +5 crystal plate armour of ponderousness
  1079 | D:8      | Reached skill level 6 in Maces & Flails
  1080 | D:8      | p - a +5 crystal plate armour of ponderousness {rare=g}
  1173 | D:8      | Found a bloodstained altar of Trog.
  1339 | D:9      | Reached skill level 7 in Fighting
  1339 | D:9      | Reached skill level 7 in Maces & Flails
  1340 | D:9      | Reached XP level 8. HP: 71/73 MP: 7/7
  1379 | D:9      | Noticed a troll
  1388 | D:9      | Killed a troll
  1389 | D:9      | Reached skill level 8 in Fighting
  1389 | D:9      | Reached skill level 8 in Maces & Flails
  1647 | D:9      | Found Ofokh's General Store.
  1713 | D:9      | Reached skill level 1 in Shields
  1779 | D:10     | Entered Level 10 of the Dungeon
  1780 | D:10     | Found a staircase to the Lair.
  1780 | D:10     | Noticed a fire crab
  1782 | D:10     | Noticed a troll
  1783 | D:10     | Found a faded altar of an unknown god.
  1790 | D:10     | Killed a troll
  1791 | D:10     | Reached skill level 9 in Fighting
  1791 | D:10     | Reached skill level 9 in Maces & Flails
  1791 | D:10     | Reached skill level 2 in Shields
  1804 | D:10     | Killed a fire crab
  1805 | D:10     | Reached skill level 3 in Shields
  1805 | D:10     | Reached XP level 9. HP: 77/84 MP: 8/8
  1823 | D:10     | Reached *** piety under Trog
  1824 | D:10     | Reached skill level 4 in Shields
  1830 | D:10     | Reached skill level 10 in Fighting
  1854 | Lair:1   | Entered Level 1 of the Lair of Beasts
  1868 | Lair:1   | Noticed a black mamba
  1876 | Lair:1   | Killed a black mamba
  1877 | Lair:1   | Reached skill level 10 in Maces & Flails
  1877 | Lair:1   | Reached skill level 5 in Shields
  1927 | Lair:2   | Noticed a komodo dragon
  1937 | Lair:2   | Killed a komodo dragon
  1950 | Lair:2   | Noticed a death yak
  1967 | Lair:2   | Killed a death yak
  1968 | Lair:2   | Reached skill level 6 in Shields
  1968 | Lair:2   | Reached XP level 10. HP: 63/94 MP: 9/9
  1983 | Lair:2   | Noticed a death yak
  1983 | Lair:2   | Noticed a death yak
  1984 | Lair:2   | Noticed a death yak
  1984 | Lair:2   | Noticed a death yak
  1985 | Lair:2   | Noticed a death yak
  2000 | Lair:2   | Found a staircase to the Shoals.
  2011 | Lair:2   | Killed a death yak
  2012 | Lair:2   | Reached skill level 11 in Fighting
  2012 | Lair:2   | Reached skill level 11 in Maces & Flails
  2012 | Lair:2   | Reached skill level 7 in Shields
  2015 | Lair:2   | Killed a death yak
  2023 | Lair:2   | HP: 20/96 [death yak (18)]
  2122 | Lair:1   | Noticed a cane toad
  2167 | Lair:1   | Killed a cane toad
  2168 | Lair:1   | Reached skill level 3 in Armour
  2169 | Lair:1   | Reached skill level 3 in Dodging
  2227 | Lair:1   | Reached skill level 4 in Armour
  2228 | Lair:1   | Reached skill level 4 in Dodging
  2288 | Lair:2   | Reached skill level 5 in Armour
  2300 | Lair:2   | Reached skill level 5 in Dodging
  2310 | Lair:3   | Noticed a catoblepas
  2335 | Lair:3   | HP: 24/96 [catoblepas (18)]
  2336 | Lair:3   | Killed a catoblepas
  2337 | Lair:3   | Reached skill level 6 in Armour
  2337 | Lair:3   | Reached XP level 11. HP: 28/103 MP: 10/10
  2440 | Lair:3   | Reached skill level 6 in Dodging
  2475 | Lair:3   | Reached skill level 7 in Armour
  2515 | Lair:3   | Reached skill level 7 in Dodging
  2560 | Lair:3   | Noticed a four-headed hydra
  2560 | Lair:3   | Noticed a seven-headed hydra
  2566 | Lair:3   | Killed a seven-headed hydra
  2567 | Lair:3   | Reached skill level 8 in Armour
  2568 | Lair:3   | Killed a four-headed hydra
  2596 | Lair:3   | Noticed a seven-headed hydra
  2752 | Lair:4   | Reached skill level 8 in Dodging
  2856 | Lair:5   | Entered Level 5 of the Lair of Beasts
  2934 | Lair:5   | Noticed a seven-headed hydra
  2940 | Lair:4   | Noticed a skyshark
  2940 | Lair:4   | HP: 24/103 [seven-headed hydra (8)]
  2973 | Lair:4   | Reached skill level 9 in Armour
  2976 | Lair:4   | Killed a skyshark
  2980 | Lair:4   | Killed a seven-headed hydra
  3041 | Lair:5   | Noticed a death yak
  3041 | Lair:5   | Noticed a death yak
  3041 | Lair:5   | Noticed a death yak
  3056 | Lair:4   | Killed a death yak
  3057 | Lair:4   | Reached skill level 10 in Armour
  3057 | Lair:4   | Reached skill level 9 in Dodging
  3062 | Lair:4   | Killed a death yak
  3148 | Lair:5   | Noticed a death yak
  3188 | Lair:4   | Killed a death yak
  3189 | Lair:4   | Reached XP level 12. HP: 90/110 MP: 11/11
  3344 | Lair:5   | Reached skill level 11 in Armour
  3344 | Lair:5   | Reached skill level 10 in Dodging
  3367 | Lair:5   | Reached **** piety under Trog
  3474 | Lair:5   | Found a staircase to the Slime Pits.
  3484 | Lair:5   | Reached skill level 11 in Dodging
  3488 | Lair:5   | Reached skill level 12 in Armour
  3593 | Lair:5   | Reached skill level 12 in Fighting
  3621 | Lair:5   | Killed a death yak
  3622 | Lair:5   | Reached skill level 12 in Maces & Flails
  3780 | Lair:5   | Noticed a catoblepas
  3800 | Lair:5   | Killed a catoblepas
  3858 | Lair:5   | Noticed a death yak
  3883 | Lair:5   | Reached skill level 13 in Fighting
  3891 | Lair:5   | Killed a death yak
  3892 | Lair:5   | Reached skill level 13 in Maces & Flails
  3894 | Lair:5   | Noticed a death yak
  3902 | Lair:5   | Killed a death yak
  3903 | Lair:5   | Reached XP level 13. HP: 63/122 MP: 12/12
  4289 | Lair:3   | Reached skill level 14 in Fighting
  4322 | Lair:4   | Reached skill level 14 in Maces & Flails
  4659 | D:10     | Found Kuntafu Mepo's Distillery.
  4720 | D:10     | Found Juonotty's Magic Scroll Emporium.
  4728 | D:10     | Bought a scroll of teleportation for 45 gold pieces
  4733 | D:10     | Found Viaqyus's Jewellery Shoppe.
  4754 | D:10     | You drop a +5 crystal plate armour of ponderousness
                  | {rare=g}.
  4971 | D:11     | Found a frozen archway.
  4983 | IceCv    | Entered an ice cave
  5051 | IceCv    | Reached ***** piety under Trog
  5090 | IceCv    | HP: 29/125 [ice statue] (24)]
  5247 | IceCv    | Noticed a white draconian
  5257 | IceCv    | Killed a white draconian
  5338 | IceCv    | c - a +2 executioner's axe of freezing {axerare=g}
  5341 | IceCv    | Identified the ring "Mufrueny" {rC+ Int+6 Dex+6}
  5361 | IceCv    | your +2 executioner's axe of freezing {axerare=g} glows
                  | with a cold blue light!
  5361 | IceCv    | c - a +2 executioner's axe of freezing (weapon) {axerare=g}
  5414 | IceCv    | Reached skill level 7 in Axes
  5625 | D:10     | Reached skill level 8 in Axes
  5639 | D:10     | Received a gift from Trog
  6034 | D:8      | Reached skill level 9 in Axes
  6248 | D:9      | your +2 executioner's axe of freezing {axerare=g} glows red
                  | for a moment.
  6330 | D:10     | a - a +5 crystal plate armour of ponderousness {rare=g}
  6427 | D:10     | Bought the brooch of Shielding {Spirit SH+8} for 910 gold
                  | pieces
  6427 | D:10     | Found the brooch of Shielding {Spirit SH+8}
  6437 | D:10     | You drop a +5 crystal plate armour of ponderousness
                  | {rare=g}.
  6455 | D:10     | a - a +5 crystal plate armour of ponderousness {rare=g}
  7396 | D:11     | Reached skill level 10 in Axes
  7531 | D:12     | Noticed an ettin
  7550 | D:12     | HP: 31/125 [ettin/+0 dire flail (13)]
  7552 | D:12     | Killed an ettin
  7555 | D:12     | Reached XP level 14. HP: 22/133 MP: 2/13
  7556 | D:12     | Reached skill level 11 in Axes
  7557 | D:12     | HP: 18/133 [something (5)]
  7569 | D:12     | HP: 15/133 [something (2)]
  7715 | D:12     | your +3 executioner's axe of freezing {axerare=g} stops
                  | glowing.
  7722 | D:12     | your +3 executioner's axe of freezing {axerare=g} glows
                  | with a cold blue light!
  7722 | D:12     | c - a +3 executioner's axe of freezing (weapon) {axerare=g}
  7770 | D:12     | Reached skill level 12 in Axes
  7830 | D:12     | Reached skill level 13 in Axes
  7843 | D:12     | Paralysed by an orc knight for 4 turns
  7919 | D:12     | HP: 33/133 [manticore (4)]
  7940 | D:12     | Found a blossoming altar of Fedhas.
  7986 | D:12     | HP: 23/133 [fire dragon/blast of flame (45)]
  8050 | D:12     | Reached skill level 14 in Axes
  8111 | D:12     | your +3 executioner's axe of freezing {axerare=g} stops
                  | glowing.
  8121 | D:11     | your +3 executioner's axe of freezing {axerare=g} glows
                  | with a cold blue light!
  8121 | D:11     | c - a +3 executioner's axe of freezing (weapon) {axerare=g}
  8143 | D:12     | Received a gift from Trog
  8252 | D:12     | You drop a +5 crystal plate armour of ponderousness
                  | {rare=g}.
  8350 | D:12     | Noticed Fannar
  8367 | D:12     | Killed Fannar
  8368 | D:12     | Reached skill level 15 in Axes
  8391 | D:12     | Noticed Kirke
  8398 | D:12     | Killed Kirke
  8421 | D:12     | Found a radiant altar of Vehumet.
  8561 | D:12     | Reached skill level 16 in Axes
  8745 | D:12     | y - a +5 crystal plate armour of ponderousness {rare=g}
  8807 | D:12     | Found a staircase to the Orcish Mines.
  8817 | Orc:1    | Entered Level 1 of the Orcish Mines
  8913 | Orc:2    | Entered Level 2 of the Orcish Mines
  8968 | Orc:2    | Noticed Erolcha
  8981 | Orc:2    | Killed Erolcha
  9104 | Orc:2    | Reached skill level 17 in Axes
  9182 | Orc:2    | Received a gift from Trog
  9183 | Orc:2    | Found a staircase to the Elven Halls.
  9200 | Orc:2    | Reached XP level 15. HP: 137/139 MP: 14/14
  9273 | Orc:2    | Found a gate leading to a gauntlet.
  9282 | Gauntlet | Entered a Gauntlet
  9282 | Gauntlet | Found a transporter.
  9282 | Gauntlet | Found a transporter.
  9282 | Gauntlet | Found a transporter.
  9283 | Gauntlet | Found a transporter.
  9286 | Gauntlet | Found a transporter.
  9287 | Gauntlet | Found a transporter.
  9295 | Gauntlet | Found a transporter.
  9296 | Gauntlet | Found a transporter.
  9297 | Gauntlet | Found a transporter.
  9298 | Gauntlet | Found a transporter.
  9304 | Gauntlet | Found a runed translucent gate.
  9306 | Gauntlet | Found a runed translucent gate.
  9306 | Gauntlet | Found a transporter.
  9306 | Gauntlet | Found a transporter.
  9307 | Gauntlet | Found a runed translucent gate.
  9463 | Gauntlet | Found the +2 cloak of the Thief {*Fog Slay-2 SInv Stlth+}
  9467 | Gauntlet | Identified the +1 robe of Cowardice {Int+7 SInv}
  9477 | Gauntlet | Identified the +8 orcbow of Ru {heavy, rF+ rN+ MP+9 Dex+2}
  9495 | Orc:2    | You drop a +5 crystal plate armour of ponderousness
                  | {rare=g}.
  9571 | Orc:2    | Reached skill level 15 in Fighting
  9637 | Orc:2    | Found Guofacit's Book Shoppe.
  9640 | Orc:2    | Found Xitam's Antique Armour Shoppe.
  9641 | Orc:2    | Found Venu's Book Shoppe.
  9642 | Orc:2    | Found Muudimecs's Book Emporium.
  9654 | Orc:2    | Bought a crude plate armour for 896 gold pieces
  9654 | Orc:2    | Identified the +10 plate armour "Vilanyl" {+Inv} (You
                  | bought it in a shop on level 2 of the Orcish Mines)
  9843 | Shoals:1 | Entered Level 1 of the Shoals
 10071 | Shoals:3 | Reached skill level 18 in Axes
 10082 | Shoals:4 | Entered Level 4 of the Shoals
 10169 | Shoals:4 | Reached skill level 16 in Fighting
 10370 | Shoals:4 | HP: 27/144 [merfolk aquamancer/shard of ice (20)]
 10376 | Shoals:4 | HP: 9/144 [satyr/arrow (17)]
 10382 | Shoals:4 | HP: 31/144 [merfolk/+0 trident (4)]
 10382 | Shoals:4 | HP: 11/144 [merfolk aquamancer/ball of steam (20)]
 10384 | Shoals:4 | Received a gift from Trog
 10384 | Shoals:4 | HP: 5/144 [merfolk/+0 trident (33)]
 10393 | Shoals:4 | HP: 7/144 [faun/sling bullet (7)]
 10404 | Shoals:4 | HP: 13/144 [merfolk/+0 trident (9)]
 10721 | Shoals:4 | your +3 executioner's axe of freezing {axerare=g} becomes
                  | incredibly heavy!
 10721 | Shoals:4 | c - a +3 heavy executioner's axe (weapon) {axerare=g}
 10733 | Shoals:4 | Noticed a sphinx
 10736 | Shoals:4 | Killed a sphinx
 10768 | Shoals:4 | Reached skill level 19 in Axes
 10834 | Shoals:4 | Reached skill level 17 in Fighting
 10880 | Shoals:4 | Got a barnacled rune of Zot
 11047 | Lair:2   | Found a hole to the Spider Nest.
 11061 | Spider:1 | Entered Level 1 of the Spider Nest
 11084 | Spider:1 | Reached XP level 16. HP: 104/155 MP: 3/15
 11093 | Spider:1 | HP: 37/155 [redback (6)]
 11094 | Spider:1 | HP: 7/155 [poisoned by a redback]
 11094 | Spider:1 | HP: 2/155 [emperor scorpion (5)]
 11095 | Lair:2   | Succumbed to a redback's poison

Vanquished Creatures
  A sphinx (Shoals:4)
  Kirke (D:12)
  A ghost moth (Spider:1)
  A white draconian (IceCv)
  2 minotaurs
  An ettin (D:12)
  A fire dragon (D:12)
  Fannar (D:12)
  Erolcha (Orc:2)
  5 catoblepae
  7 hydras
  A centaur warrior (D:12)
  An alligator snapping turtle (Shoals:4)
  A merfolk aquamancer (Shoals:4)
  14 death yaks
  A merfolk avatar (Shoals:2)
  4 boulder beetles (D:12)
  7 satyrs (Shoals:4)
  5 two-headed ogres (D:12)
  5 orc high priests (Orc:2)
  A deep elf knight (D:12)
  A sixfirhy (Gauntlet)
  3 fire crabs
  4 sea snakes
  2 skysharks
  An orb spider (Spider:1)
  6 harpies
  8 orc knights
  A wolf spider (Spider:1)
  3 cyclopes
  13 manticores
  10 fauns (Shoals:4)
  4 deep elf pyromancers (D:12)
  An orc sorcerer (Orc:2)
  4 ugly things (D:12)
  4 elephants (Lair:5)
  A moth of wrath (shapeshifter) (D:12)
  A black mamba (Lair:1)
  2 merfolk sirens
  2 ice statues (IceCv)
  A gargoyle (D:10)
  A torpor snail (Lair:5)
  A kobold demonologist (D:12)
  2 unseen horrors
  8 rime drakes
  7 cane toads
  9 komodo dragons
  An efreet (D:12)
  A freezing wraith (D:12)
  16 trolls
  A polar bear (Lair:2)
  15 merfolk
  3 wind drakes
  2 tarantellas (Spider:1)
  10 blink frogs
  10 slime creatures
  13 dream sheep
  A snapping turtle (Shoals:2)
  4 wraiths (D:12)
  A water elemental (Shoals:4)
  A hog (D:12)
  A fire bat (Shoals:3)
  A shadow (D:10)
  A hog (shapeshifter) (D:12)
  5 culicivoras
  A wyvern (Lair:3)
  3 basilisks
  35 yaks
  3 redbacks (Spider:1)
  10 vampire mosquitoes
  A warg (Orc:1)
  3 acid dragons
  3 water moccasins
  A black bear (Lair:3)
  42 orc warriors
  A swamp drake (D:12)
  Pargi (Sewer)
  2 ogres (Orc:1)
  8 centaurs
  10 wolves
  A kobold brigand (D:8)
  3 bullfrogs (Lair:4)
  A gnoll sergeant (D:10)
  A scorpion (D:4)
  3 wights (D:8)
  2 lindwurm simulacra (IceCv)
  8 killer bees
  4 howler monkeys
  An electric eel (D:8)
  8 komodo dragon simulacra (IceCv)
  2 jellies (Lair:5)
  29 orc priests
  2 hounds (D:5)
  Natasha (D:3)
  21 orc wizards
  A boggart simulacrum (D:12)
  3 adders
  7 gnolls
  4 acid dragon simulacra (IceCv)
  A river rat (D:4)
  A white imp (D:8)
  2 shadow imps
  4 ufetubi
  6 steam dragon simulacra (IceCv)
  2 dart slugs
  64 orcs
  A ball python (D:3)
  An endoplasm (D:1)
  3 giant cockroaches
  3 goblins
  3 hobgoblins
  2 quokkas
  8 bats
  A frilled lizard (D:1)
  5 kobolds (D:8)
  4 rats (D:4)
586 creatures vanquished.

Vanquished Creatures (collateral kills)
  A faun (Shoals:4)
  A merfolk siren (Shoals:3)
  A rime drake (IceCv)
  A merfolk (Shoals:4)
  A yak (Lair:5)
  A fire bat (Shoals:3)
  An orc priest (Orc:2)
  A steam dragon simulacrum (IceCv)
  An orc (Orc:2)
9 creatures vanquished.

Vanquished Creatures (others)
  A culicivora (Spider:1)
  A human (D:12)
  2 orcs (D:12)
4 creatures vanquished.

Grand Total: 599 creatures vanquished

Table legend:
 A = Non-vault XP
 B = Vault XP
 C = Vault XP percentage of total XP
 D = Non-vault monster count
 E = Vault monster count
 F = Vault count percentage of total count
                 A         B        C        D         E       F
            +---------+---------+-------+---------+---------+-------
      Total |   69235 |   85090 |  55.1 |     310 |     285 |  47.9
            +---------+---------+-------+---------+---------+-------
        D:1 |      11 |       0 |   0.0 |       7 |       0 |   0.0
        D:2 |      20 |       0 |   0.0 |       4 |       0 |   0.0
        D:3 |      35 |      36 |  50.7 |       6 |       1 |  14.3
        D:4 |      90 |      19 |  17.4 |       5 |       6 |  54.5
        D:5 |     283 |       0 |   0.0 |      13 |       0 |   0.0
        D:8 |    1828 |     142 |   7.2 |      26 |       5 |  16.1
        D:9 |    1119 |       0 |   0.0 |      10 |       0 |   0.0
       D:10 |    2612 |    3292 |  55.8 |      20 |      26 |  56.5
       D:11 |    3175 |     874 |  21.6 |      18 |       1 |   5.3
       D:12 |    6720 |   26854 |  80.0 |      20 |      69 |  77.5
     Lair:1 |    2462 |       0 |   0.0 |      11 |       0 |   0.0
     Lair:2 |    6372 |     876 |  12.1 |      11 |       4 |  26.7
     Lair:3 |    3979 |    3166 |  44.3 |      12 |       5 |  29.4
     Lair:4 |    7308 |    1258 |  14.7 |      18 |       2 |  10.0
     Lair:5 |    9531 |   10271 |  51.9 |      30 |      27 |  47.4
   Shoals:1 |    4010 |       0 |   0.0 |       7 |       0 |   0.0
   Shoals:2 |    4494 |       0 |   0.0 |      10 |       0 |   0.0
   Shoals:3 |    1304 |    3161 |  70.8 |       3 |       9 |  75.0
   Shoals:4 |    4708 |   18543 |  79.8 |      11 |      29 |  72.5
   Spider:1 |    3790 |       0 |   0.0 |       9 |       0 |   0.0
      Orc:1 |    2173 |       0 |   0.0 |      29 |       0 |   0.0
      Orc:2 |    3211 |   10697 |  76.9 |      30 |      61 |  67.0
      Sewer |       0 |     135 | 100.0 |       0 |       6 | 100.0
      IceCv |       0 |    3982 | 100.0 |       0 |      28 | 100.0
   Gauntlet |       0 |    1784 | 100.0 |       0 |       6 | 100.0
            +---------+---------+-------+---------+---------+-------

Skill      XL: |  1  2  3  4  5  6  7  8  9 10 11 12 13 14 15 |
---------------+----------------------------------------------+-----
Fighting       | 4 5 6 7 9 10 11 13 14 17 | 17.4
Axes           | 4 5 6 10 17 19 | 19.5
Maces & Flails | 3 7 9 10 11 13 14 | 14.8
Shields        | 3 6 7 |  7.7
Armour         | 6 10 12 | 12.0
Dodging        | 5 9 11 | 11.0

Action                     |  1- 3 |  4- 6 |  7- 9 | 10-12 | 13-15 | 16-18 || total
---------------------------+-------+-------+-------+-------+-------+-------++-------
  Melee: Hand axe          |    48 |    72 |       |       |       |       ||   120
         Headbutt          |     5 |    18 |    12 |    76 |   222 |     1 ||   334
         Flail             |       |    29 |    70 |   342 |   136 |       ||   577
         Executioner's axe |       |       |       |       |   769 |     5 ||   774
         Demon whip        |       |       |       |       |    11 |       ||    11
         Punch             |       |       |       |       |     1 |       ||     1
  Throw: Dart              |       |       |     1 |       |       |       ||     1
 Invoke: Berserk           |     1 |     3 |     1 |     7 |     7 |       ||    19
         Trog's Hand       |       |       |       |     3 |    26 |       ||    29
         Brothers in Arms  |       |       |       |       |     2 |       ||     2
  Evoke: Wand              |       |     1 |    13 |    17 |    15 |       ||    46
         Phantom mirror    |       |       |       |     2 |     1 |       ||     3
         Box of beasts     |       |       |       |       |     1 |       ||     1
    Use: Scroll            |       |     4 |     2 |     6 |    26 |       ||    38
         Potion            |       |       |       |     4 |     7 |       ||    11
   Stab: Paralysed         |       |       |     4 |     1 |     3 |       ||     8
         Distracted        |       |       |       |       |     1 |       ||     1
 Armour: Animal skin       |    15 |       |       |       |       |       ||    15
         Scale mail        |    11 |    33 |    40 |       |       |       ||    84
         Acid dragon scale |       |       |    17 |   137 |   168 |       ||   322
         Fire dragon scale |       |       |       |       |    53 |       ||    53
         Ring mail         |       |       |       |       |    17 |       ||    17
         Plate armour      |       |       |       |       |   160 |    16 ||   176
  Dodge: Dodged            |    38 |    45 |    70 |   255 |   669 |    10 ||  1087
  Block: Buckler           |       |       |     6 |   112 |    25 |       ||   143
         Other             |       |       |       |       |   299 |    16 ||   315

Illustrated notes

Table legend:
 A = Kills in this place as a percentage of kills in the entire game.
 B = Kills by you in this place as a percentage of kills by you in the entire game.
 C = Kills by friends in this place as a percentage of kills by friends in the entire game.
 D = Other kills in this place as a percentage of other kills in the entire game.
 E = Experience gained in this place as a percentage of experience gained in the entire game.
 F = Experience gained in this place divided by the number of levels of this place that you have seen.
                   A       B       C       D       E      F
               +-------+-------+-------+-------+-------+----------------------
         Total | 100.0 | 100.0 | 100.0 |   N/A | 100.0 | 5935.6
       Dungeon |  39.8 |  40.4 |   0.0 |   N/A |  30.5 | 4282.7
          Lair |  20.2 |  20.3 |  11.1 |   N/A |  29.3 | 9044.6
        Shoals |  11.6 |  11.1 |  44.4 |   N/A |  23.5 | 9055.0
   Spider Nest |   1.5 |   1.5 |   0.0 |   N/A |   2.5 | 3790.0
  Orcish Mines |  20.2 |  20.1 |  22.2 |   N/A |  10.4 | 8040.5
         Sewer |   1.0 |   1.0 |   0.0 |   N/A |   0.1 | 135.0
      Ice Cave |   4.7 |   4.4 |  22.2 |   N/A |   2.6 | 3982.0
      Gauntlet |   1.0 |   1.0 |   0.0 |   N/A |   1.2 | 1784.0
               +-------+-------+-------+-------+-------+----------------------

Table legend: (Time is in decaauts)
 A = Elapsed time spent in this place.
 B = Non-inter-level travel time spent in this place.
 C = Inter-level travel time spent in this place.
 D = Time resting spent in this place.
 E = Time spent auto-exploring this place.
 F = Levels seen in this place.
 G = Mean time per level.
                   A        B        C        D        E       F      G
               +--------+--------+--------+--------+--------+-----+--------+
         Total |  11364 |  10133 |   1231 |    283 |   1226 |  26 |  437.1 |
       Dungeon |   5760 |   5012 |    748 |     51 |   1226 |  11 |  523.6 |
          Lair |   2793 |   2435 |    358 |      0 |      0 |   5 |  558.6 |
        Shoals |   1158 |   1106 |     52 |    232 |      0 |   4 |  289.5 |
   Spider Nest |     46 |     46 |      0 |      0 |      0 |   1 |   46.0 |
  Orcish Mines |    712 |    640 |     72 |      0 |      0 |   2 |  356.0 |
         Sewer |    101 |    101 |      0 |      0 |      0 |   1 |  101.0 |
      Ice Cave |    576 |    576 |      0 |      0 |      0 |   1 |  576.0 |
      Gauntlet |    214 |    214 |      0 |      0 |      0 |   1 |  214.0 |
               +--------+--------+--------+--------+--------+-----+--------+

Top non-repeatable levels by time:
    D:12: 1279 daAuts
     D:9: 1247 daAuts
    D:10: 1179 daAuts
  Lair:5: 1024 daAuts
Shoals:4: 777 daAuts
  Lair:4: 712 daAuts
    D:11: 664 daAuts
     D:8: 643 daAuts
   Orc:2: 608 daAuts
   IceCv: 576 daAuts
  Lair:3: 385 daAuts
  Lair:1: 348 daAuts
  Lair:2: 323 daAuts
Gauntlet: 214 daAuts
     D:5: 203 daAuts
